 Dungeon Crawl Stone Soup version 0.20.1-1-g8b1a95d (webtiles) character file.

1178 robba the Conjurer (level 8, -9/55 (57) HPs)
             Began as a Human Conjurer on Aug 16, 2017.
             Mangled by a two-headed ogre
             ... wielding a +0 dire flail
              (24 damage)
             ... on level 7 of the Dungeon on Aug 18, 2017.
             The game lasted 00:47:21 (6687 turns).

robba the Conjurer (Human Conjurer)                 Turns: 6687, Time: 00:47:21

HP:   -9/55 (57)    AC:  9    Str: 10    XL:     8   Next: 69%
MP:   10/14         EV: 17    Int: 17    God:
Gold: 318           SH:  0    Dex: 13    Spells: 8/15 levels left

rFire    . . .     SeeInvis .   j - +0 short sword
rCold    . . .     Gourm    .   (no shield)
rNeg     . . .     Faith    .   a - +0 robe
rPois    .         Spirit   .   (helmet restricted)
rElec    .         Reflect  .   x - +0 cloak
rCorr    .         Harm     .   h - +2 pair of gloves
MR       +....                  w - +0 pair of boots
Stlth    ++........             C - amulet of magic regeneration
Regen    0.2/turn               g - ring of protection from magic
MPRegen  0.3/turn               y - +3 ring of evasion

@: no status effects
A: antennae 1, slimy green scales 1, wild magic 1, evolution 1
a: no special abilities


You were on level 7 of the Dungeon.
You were not hungry.

You visited 1 branch of the dungeon, and saw 6 of its levels.

You collected 318 gold pieces.

Inventory:

Hand Weapons
 j - a +0 short sword (weapon)
Missiles
 e - 225 stones
 i - 7 javelins
 k - 107 arrows
 D - 16 poisoned needles (quivered)
Armour
 a - a +0 robe (worn)
 h - a +2 pair of gloves (worn)
 w - a +0 pair of boots (worn)
 x - a +0 cloak (worn)
Jewellery
 g - a ring of protection from magic (left hand)
 y - a +3 ring of evasion (right hand)
 C - an amulet of magic regeneration (around neck)
Wands
 l - a wand of polymorph (8/24)
Scrolls
 c - a scroll of enchant armour
 m - a scroll of recharging {unknown}
 r - 2 scrolls of fog
 s - 5 scrolls of remove curse
 z - a scroll of amnesia {unknown}
 B - 2 scrolls of teleportation
 E - a scroll of enchant weapon {unknown}
Potions
 d - 2 potions of curing
 f - a potion of flight
 n - a potion of agility {unknown}
 q - a potion of mutation
 u - 2 potions of cancellation {unknown}
 v - a potion of lignification {unknown}
Books
 b - a book of Conjurations

   Spells                             Type                      Level
   a - Magic Dart                     Conjuration                  1
   b - Searing Ray                    Conjuration                  2
   c - Dazzling Spray                 Conjuration/Hexes            3
   d - Fulminant Prism                Conjuration/Hexes            4
   e - Force Lance                    Conjuration/Translocation    4
   f - Iskenderun's Mystic Blast      Conjuration                  4
Comestibles
 o - 7 chunks of flesh
 t - 4 royal jellies


   Skills:
 + Level 2.6 Fighting
 + Level 3.0 Short Blades
 + Level 2.3 Throwing
 + Level 4.9 Dodging
 + Level 2.8 Stealth
 + Level 0.4 Unarmed Combat
 + Level 4.4 Spellcasting
 + Level 6.3 Conjurations


You had 8 spell levels left.
You knew the following spells:

 Your Spells              Type           Power        Failure   Level  Hunger
a - Magic Dart            Conj           ####         2%          1    None
b - Searing Ray           Conj           ####..       3%          2    ##.....
c - Iskenderun's Mystic   Conj           ####....     16%         4    ####...


Dungeon Overview and Level Annotations

Branches:
Dungeon (7/15)             Temple (0/1) D:7

Altars:
Xom
Yredelemnul

Shops:
D:4 (

Annotations:
D:3 2 transporters
D:4 2 transporters


Innate Abilities, Weirdness & Mutations

You have a pair of small antennae on your head.
You are partially covered in slimy green scales. (AC +2)
Your spells are a little harder to cast, but a little more powerful.
You evolve.


Message History

Found a leather armour.
Found a stone staircase leading down.
Casting: Magic Dart
Confirm with . or Enter, or press ? or * to list all spells.
Aiming: Searing Ray
Press: ? - help, Shift-Dir - straight line, f - two-headed ogre
Aim: a two-headed ogre, wielding a dire flail and a giant spiked club The searing ray hits the two-headed ogre.
The two-headed ogre is lightly wounded. (Press . to maintain the ray.)
The two-headed ogre misses you.
The two-headed ogre hits you with a giant spiked club!
* * * LOW HITPOINT WARNING * * *
The searing ray hits the two-headed ogre.
The two-headed ogre is lightly wounded.
The two-headed ogre hits you but does no damage.
The two-headed ogre closely misses you.
The searing ray hits the two-headed ogre.
The two-headed ogre is moderately wounded.
The two-headed ogre hits you with a dire flail!!
You die...

.#.#.#..........#####.#.......##
.#...#..#)..)..## #(.........#
.#.>.#..#(####.#* #..........#
.#...#go).# *..## #......<...#
.#####....#####..# #..........#
,,........#......# #..........#
,................## #.#.......##
,...............O.###.##....<##
*...............@...#.########
*#................#...#
*#................#...#
**....(...........#.###
,,,,,,,,,.........#.#
**,,,,,,,.....[..##.#
**,,,,,,,.#....>###.#
*,,,,,,,*######* #.# *,,,,,,,*
****#.#***


You could see a two-headed ogre.

Vanquished Creatures
  An ice beast (D:5)
  2 ogres
  A necrophage (D:7)
  A centaur (D:5)
  2 scorpions (D:4)
  A howler monkey (D:4)
  2 crimson imps (D:7)
  A jelly (D:5)
  3 hounds
  Jessica (D:2)
  An iguana (D:4)
  Ijyb (D:4)
  Natasha (thrice) (D:2)
  Terence (D:2)
  A worker ant (D:4)
  A hound skeleton (D:4)
  3 gnolls (D:7)
  4 adders
  A river rat (D:7)
  A shadow imp (D:5)
  An adder zombie (D:5)
  3 worms
  2 dart slugs (D:1)
  3 leopard geckos (D:3)
  19 orcs
  2 ball pythons (D:2)
  A giant cockroach (D:3)
  5 goblins
  7 hobgoblins
  9 jackals
  9 quokkas
  11 bats
  5 frilled lizards
  12 kobolds
  A quokka skeleton (D:5)
  6 rats
128 creatures vanquished.

Notes
Turn   | Place    | Note
-------+----------+-------------------------------------------
     0 | D:1      | robba the Human Conjurer began the quest for the Orb.
     0 | D:1      | Reached XP level 1. HP: 13/13 MP: 3/3
   113 | D:1      | Reached XP level 2. HP: 5/19 MP: 0/5
   907 | D:1      | Reached XP level 3. HP: 18/24 MP: 4/6
   911 | D:1      | Learned a level 2 spell: Searing Ray
  1490 | D:2      | Noticed Terence
  1501 | D:2      | Killed Terence
  1501 | D:2      | Reached skill level 5 in Conjurations
  1501 | D:2      | Reached XP level 4. HP: 31/31 MP: 0/7
  2114 | D:2      | Noticed Natasha
  2118 | D:2      | Killed Natasha
  2118 | D:2      | Reached XP level 5. HP: 36/36 MP: 2/8
  2127 | D:2      | Learned a level 4 spell: Iskenderun's Mystic Blast
  2382 | D:2      | Noticed Natasha
  2389 | D:2      | Killed Natasha
  2389 | D:2      | Reached skill level 1 in Fighting
  2404 | D:2      | Noticed Jessica
  2414 | D:2      | Killed Jessica
  2509 | D:2      | Noticed Natasha
  2517 | D:2      | Killed Natasha
  2517 | D:2      | Reached XP level 6. HP: 39/43 MP: 3/10
  3060 | D:3      | Found a transporter.
  3077 | D:3      | Found a transporter.
  3323 | D:3      | Reached skill level 1 in Short Blades
  3970 | D:4      | Noticed Ijyb
  4030 | D:4      | Killed Ijyb
  4030 | D:4      | Reached skill level 1 in Throwing
  4129 | D:4      | Found Zaebaref's Antique Weapon Shop.
  4285 | D:4      | Found a transporter.
  4471 | D:4      | Found a transporter.
  4477 | D:4      | Reached XP level 7. HP: 42/48 MP: 7/12
  4587 | D:4      | Found a shimmering altar of Xom.
  4743 | D:4      | Gained mutation: You are partially covered in slimy green scales. (AC +2) [potion of mutation]
  4743 | D:4      | Gained mutation: Your spells are a little harder to cast, but a little more powerful. [potion of mutation]
  4743 | D:4      | Gained mutation: You evolve. [potion of mutation]
  4743 | D:4      | Gained mutation: You have a pair of small antennae on your head. [potion of mutation]
  5030 | D:5      | Entered Level 5 of the Dungeon
  5354 | D:5      | Reached XP level 8. HP: 33/57 MP: 2/13
  6045 | D:5      | You fall through a shaft for 2 floors!
  6052 | D:7      | Reached skill level 6 in Conjurations
  6054 | D:7      | Found a staircase to the Ecumenical Temple.
  6274 | D:7      | Found a basalt altar of Yredelemnul.
  6438 | D:7      | Noticed a two-headed ogre
  6687 | D:7      | Mangled by a two-headed ogre

Skill      XL: |  1  2  3  4  5  6  7  8 |
---------------+-------------------------+-----
Conjurations   | 5 6 |  6.3
Fighting       | 1 2 |  2.6
Spellcasting   | 3 4 |  4.4
Short Blades   | 1 2 3 |  3.0
Throwing       | 1 2 |  2.3
Dodging        | 3 4 |  4.9
Stealth        | |  2.8
Unarmed Combat | |  0.4

Action                   |  1- 3 |  4- 6 |  7- 9 || total
-------------------------+-------+-------+-------++-------
Melee: Unarmed           |    31 |       |       ||    31
       Short sword       |    18 |   201 |   138 ||   357
Throw: Stone             |     5 |       |    14 ||    19
       Javelin           |     1 |     9 |       ||    10
       Tomahawk          |       |     5 |    13 ||    18
 Cast: Magic Dart        |    34 |    66 |    31 ||   131
       Searing Ray       |     1 |    24 |    16 ||    41
       Iskenderun's Myst |       |     5 |    10 ||    15
  Use: Scroll            |     4 |     8 |     4 ||    16
       Potion            |       |     1 |     2 ||     3
  Eat: Chunk             |     1 |     3 |       ||     4
       Bread ration      |       |     2 |     1 ||     3
       Fruit             |       |     2 |     2 ||     4
       Meat ration       |       |       |     1 ||     1
Armor: Robe              |    14 |    59 |    60 ||   133
Dodge: Dodged            |    49 |   177 |   181 ||   407
